 Dungeon Crawl Stone Soup version 0.29-a0-1027-gcd8c55af63 (webtiles) character file.

Game seed: 18322429752909242024

102 wingedge the Ruffian (level 5, -15/41 HPs)
             Began as a Human Wanderer on Aug 13, 2022.
             Demolished by an ogre
             ... wielding a +0 giant club
              (22 damage)
             ... on level 3 of the Dungeon.
             The game lasted 00:09:18 (3212 turns).

wingedge the Ruffian (Human Wanderer)               Turns: 3212, Time: 00:09:20

Health: -15/41     AC:  7    Str: 14    XL:     5   Next: 5%
Magic:  5/6        EV: 12    Int: 14    God:
Gold:   182        SH:  0    Dex: 11    Spells: 5/6 levels left

rFire   . . .      SeeInvis .   a - +0 sling (freeze)
rCold   . . .      Faith    .   (no shield)
rNeg    . . .      Spirit   .   e - +0 robe
rPois   .          Reflect  .   c - +0 helmet
rElec   .          Harm     .   h - +1 cloak
rCorr   .          Rampage  .   (no gloves)
Will    .....                   q - +1 pair of boots
Stlth   ++........              b - amulet of magic regeneration
HPRegen 0.13/turn               (no ring)
MPRegen 0.50/turn               (no ring)

@: no status effects
A: no striking features
a: no special abilities


You were on level 3 of the Dungeon.
You visited 1 branch of the dungeon, and saw 3 of its levels.

You collected 182 gold pieces.

Inventory:

Hand Weapons
 a - a +0 sling of freezing (weapon)
 j - a +0 spear
 t - a +0 club
 x - a +0 whip of holy wrath
Armour
 c - a +0 helmet (worn)
 e - a +0 robe (worn)
 h - a +1 cloak (worn)
 q - a +1 pair of boots (worn)
Jewellery
 b - an amulet of magic regeneration (around neck)
Scrolls
 d - a scroll of fog
 f - a scroll of summoning
 g - 2 scrolls of identify {unknown}
 i - a scroll of enchant weapon {unknown}
 k - a scroll of silence {unknown}
 l - 2 scrolls of blinking {unknown}
 r - a scroll of amnesia {unknown}
 s - a scroll of torment {unknown}
 v - 3 scrolls of vulnerability {unknown}
Potions
 m - a potion of magic {unknown}
 n - a potion of brilliance {unknown}
 o - a potion of attraction {unknown}
 p - 3 potions of curing {unknown}
 u - a potion of heal wounds {unknown}
 w - a potion of might {unknown}
 z - a potion of flight {unknown}


   Skills:
 - Level 3.0 Fighting
 - Level 2.0 Dodging
 - Level 2.0 Stealth
 - Level 4.0 Unarmed Combat
 - Level 1.0 Spellcasting
 + Level 1.3 Hexes
 - Level 1.0 Evocations


You had 5 spell levels left.
You knew the following spells:

 Your Spells              Type           Power      Damage    Failure   Level
a - Slow                  Hex            16%        N/A       16%         1

Your spell library contained the following spells:

 Spells                   Type           Power      Damage    Failure   Level
 Inner Flame              Hex/Fire       2%         N/A       52%         3


Dungeon Overview and Level Annotations

Branches:
Dungeon (3/15)

Altars:
Vehumet


Message History

Casting: Slow (safe; 16% risk of failure)
Confirm with . or Enter, or press ? or * to list all spells.
Aiming: Slow (safe; 16% risk of failure)
Press: ? - help, Shift-Dir - straight line, f/p - ogre
Aim: an ogre, wielding a +0 giant club (heavily wounded, chance to affect: 39%)
The ogre seems to slow down.
The ogre is no longer moving slowly.
Casting: Slow (safe; 16% risk of failure)
Confirm with . or Enter, or press ? or * to list all spells.
Aiming: Slow (safe; 16% risk of failure)
Press: ? - help, Shift-Dir - straight line, f/p - ogre
Aim: an ogre, wielding a +0 giant club (heavily wounded, chance to affect: 39%)
The ogre resists with some effort.
Casting: Slow (safe; 16% risk of failure)
Confirm with . or Enter, or press ? or * to list all spells.
Aiming: Slow (safe; 16% risk of failure)
Press: ? - help, Shift-Dir - straight line, f/p - ogre
Aim: an ogre, wielding a +0 giant club (heavily wounded, chance to affect: 39%)
The ogre resists with some effort.
Casting: Slow (safe; 16% risk of failure)
Confirm with . or Enter, or press ? or * to list all spells.
Okay, then.
Fire: a) +0 sling (freeze)
Press: ? - help, Q - select action, (/) - cycle Shift-Dir - straight line, f/p - ogre
Aim: an ogre, wielding a +0 giant club (heavily wounded, 70% to hit)
You shoot a sling bullet. The sling bullet hits the ogre.
The sling bullet freezes the ogre.
The ogre is heavily wounded.
The ogre hits you with a +0 giant club!!
* * * LOW HITPOINT WARNING * * *
Okay, then.
Casting: Slow (safe; 16% risk of failure)
Confirm with . or Enter, or press ? or * to list all spells.
Aiming: Slow (safe; 16% risk of failure)
Press: ? - help, Shift-Dir - straight line, f/p - ogre
Aim: an ogre, wielding a +0 giant club (heavily wounded, chance to affect: 39%)
The ogre resists with some effort.
The ogre hits you with a +0 giant club!!
Ouch! That really hurt!
You die...

#####.# #.# #.#
##### #.# ....# #.#
##..# #.########
###.# ##........##
###.###.######...##
....##.#.####...@.##
....#.###.......O..#
#...##.#.####......#
###.###.## ##...#.#
....#...# ##.##.#
....#.### #)##.#
......# #.##.#
....### #.##.# ###.#
#.##.#


You could see an ogre.

Vanquished Creatures
  3 adders
  3 worms
  3 endoplasms (D:1)
  6 giant cockroaches
  5 goblins
  7 hobgoblins
  4 jackals (D:1)
  6 kobolds
  2 quokkas
  8 ball pythons
  4 bats
  3 frilled lizards
  9 rats
63 creatures vanquished.

Notes
Turn   | Place    | Note
-------+----------+-------------------------------------------
     0 | D:1      | wingedge the Human Wanderer began the quest for the Orb.
     0 | D:1      | wingedge set off with the following items: a +0 club, a
                  | potion of berserk rage, a +0 helmet, a scroll of fog, a +0
                  | robe, a scroll of summoning; and the following spell
                  | memorised: Slow; and the following spells available to
                  | memorise: Inner Flame.
     0 | D:1      | Reached XP level 1. HP: 15/15 MP: 2/2
   299 | D:1      | Reached XP level 2. HP: 18/22 MP: 1/3
   711 | D:1      | Reached XP level 3. HP: 17/27 MP: 0/4
  1431 | D:2      | Found a radiant altar of Vehumet.
  1470 | D:2      | Reached skill level 4 in Unarmed Combat
  1680 | D:2      | Reached XP level 4. HP: 34/34 MP: 2/5
  2972 | D:3      | Reached XP level 5. HP: 40/41 MP: 6/6
  3181 | D:3      | Noticed an ogre
  3212 | D:3      | Demolished by an ogre

Illustrated notes

Levels and vault maps discovered:
D:1:      lightli_arrival_isolated_outpost, layout_basic,
          corexii_leaking_fountain
D:2:      layout_loops_ring, basic_altar, minmay_pentomino_r2
D:3:      minmay_recursive_quarters, layout_loops_ring, zin_statuary

Skill      XL: |  1  2  3  4 |
---------------+-------------+-----
Fighting       | 2 3 |  3.0
Unarmed Combat | 4 |  4.0
Stealth        | 2 |  2.0
Dodging        | |  2.0
Spellcasting   | |  1.0
Hexes          | |  1.3
Evocations     | |  1.0

Action                   |  1- 3 |  4- 6 || total
-------------------------+-------+-------++-------
Melee: Unarmed           |   138 |   135 ||   273
       Punch             |     5 |       ||     5
 Fire: Sling             |       |     2 ||     2
 Cast: Slow              |    22 |    26 ||    48
  Use: Potion            |       |     1 ||     1
 Stab: Sleeping          |     1 |     4 ||     5
Armor: Robe              |    36 |    58 ||    94
Dodge: Dodged            |    84 |    99 ||   183

Table legend: (Time is in decaauts)
 A = Elapsed time spent in this place.
 B = Non-inter-level travel time spent in this place.
 C = Inter-level travel time spent in this place.
 D = Time resting spent in this place.
 E = Time spent auto-exploring this place.
 F = Levels seen in this place.
 G = Mean time per level.
                   A        B        C        D        E       F      G
               +--------+--------+--------+--------+--------+-----+--------+
         Total |   3207 |   3104 |    103 |    324 |   2112 |   3 | 1069.0 |
       Dungeon |   3207 |   3104 |    103 |    324 |   2112 |   3 | 1069.0 |
               +--------+--------+--------+--------+--------+-----+--------+

Top non-repeatable levels by time:
     D:1: 1350 daAuts
     D:2: 984 daAuts
     D:3: 872 daAuts
